 Dungeon Crawl Stone Soup version 0.25.0-41-g26779e291d (webtiles) character file.

Game seed: 12759691145717491667

169 Ethylacetat the Firebug (level 5, -5/31 HPs)
             Began as an Octopode Fire Elementalist on July 10, 2020.
             Killed from afar by Dowan (7 damage)
             ... with a puff of flame
             ... on level 4 of the Dungeon.
             The game lasted 00:10:41 (4004 turns).

Ethylacetat the Firebug (OpFE)                      Turns: 4004, Time: 00:10:44

Health: -5/31      AC:  1    Str:  7    XL:     5   Next: 50%
Magic:  8/8        EV: 13    Int: 19    God:
Gold:   186        SH:  0    Dex: 12    Spells: 8/9 levels left

rFire    . . .     SeeInvis .     - Unarmed
rCold    . . .     Gourm    .   (no shield)
rNeg     . . .     Faith    .   (helmet restricted)
rPois    .         Spirit   .   (no amulet)
rElec    .         Reflect  .   (no ring)
rCorr    .         Harm     .   (no ring)
MR       .....                  (no ring)
Stlth    +++.......             (no ring)
HPRegen  0.10/turn              (no ring)
MPRegen  0.11/turn              (no ring)
                                (no ring)
                                (no ring)

@: no status effects
A: almost no armour, stealthy swim, amphibious, 8 rings, constrict 8, camouflage
1, gelatinous body 1
a: no special abilities


You were on level 4 of the Dungeon.
You were very hungry.

You visited 1 branch of the dungeon, and saw 4 of its levels.
You visited the Abyss 1 time.

You collected 186 gold pieces.

Inventory:

Scrolls
 a - 3 scrolls of identify {unknown}
 c - 2 scrolls of enchant weapon {unknown}
 d - 2 scrolls of teleportation {unknown}
 g - a scroll of remove curse {unknown}
Potions
 e - a potion of berserk rage {unknown}
 f - 2 potions of stabbing {unknown}
 h - a potion of heal wounds {unknown}
 i - a potion of haste {unknown}
 j - 3 potions of curing {unknown}
 k - a potion of flight {unknown}
 m - a potion of might {unknown}
 n - a potion of mutation {unknown}
Comestibles
 b - 9 rations


   Skills:
 - Level 2.0 Dodging
 - Level 2.6 Stealth
 + Level 1.0 Unarmed Combat
 + Level 2.6 Spellcasting
 * Level 2.6 Conjurations
 * Level 4.8 Fire Magic


You had 8 spell levels left.
You knew the following spells:

 Your Spells              Type           Power        Failure   Level  Hunger
a - Foxfire               Conj/Fire      ###.         3%          1    None

Your spell library contained the following spells:

 Spells                   Type           Power        Failure   Level  Hunger
 Conjure Flame            Conj/Fire      ###.....     11%         3    ###....
 Beastly Appendage        Tmut           #.....       16%         1    None
 Inner Flame              Hex/Fire       ##......     19%         3    ###....
 Sticks to Snakes         Tmut           #.......     24%         2    ##.....
 Sticky Flame             Conj/Fire      ###.....     34%         4    ####...
 Spider Form              Tmut/Pois      #.........   43%         3    ###....
 Fireball                 Conj/Fire      ###.......   67%         5    ######.
 Ice Form                 Ice/Tmut       #.......     85%         4    ####...
 Blade Hands              Tmut           #.........   99%         5    ######.


Dungeon Overview and Level Annotations

Branches:
Dungeon (4/15)
 Temple: D:4-7

Altars:
Ashenzari
Dithmenos
Gozag
Nemelex Xobeh
Qazlal
Xom
The Shining One

Annotations:
D:4 Dowan, Duvessa


Innate Abilities, Weirdness & Mutations

You cannot wear most types of armour.
You are very stealthy in the water. (Stealth+)
You are amphibious.
You can wear up to eight rings at the same time.
You can use your tentacles to constrict eight enemies at once.
Your skin changes colour to match your surroundings (Stealth+).
Your rubbery body absorbs attacks. (AC +1, EV +1)


Message History

The puff of frost misses you. The white imp gestures at you.
The puff of frost hits you!
* * * LOW HITPOINT WARNING * * *
An iron imp comes into view.
The iron imp shouts, "Turn tail, thou feeble fool-born simpleton!"
A lurking horror comes into view.
The iron imp barely misses you.
Found a gateway leading out of the Abyss.
A wretched star comes into view.
There is a gateway leading out of the Abyss here.
You pass through the gate.
Welcome back to the Dungeon!
Level annotation: Dowan, Duvessa Dowan gestures at Duvessa while chanting.
Duvessa seems to speed up.
Duvessa hits you but does no damage. Space bends around you.
* * * LOW HITPOINT WARNING * * *
Dowan zaps a wand.
The puff of flame hits you!
You die...

# #. .#
##.###
#....##
#....e#
#@e#
#.#####.#
#ยง..e...#
#########


You could see Duvessa (fast) and Dowan.

Vanquished Creatures
  A worker ant (D:2)
  4 adders
  4 gnolls (D:3)
  An ooze (D:1)
  2 worms (D:2)
  3 dart slugs
  A leopard gecko (D:3)
  4 orcs (D:3)
  A giant cockroach (D:1)
  4 hobgoblins
  4 jackals
  A quokka (D:3)
  2 ball pythons
  8 bats
  4 frilled lizards
  9 goblins
  3 kobolds
  A quokka skeleton (D:4)
  2 rats
59 creatures vanquished.

Vanquished Creatures (collateral kills)
  A frilled lizard (D:2)
1 creature vanquished.

Vanquished Creatures (others)
  201 foxfires
201 creatures vanquished.

Grand Total: 261 creatures vanquished

Notes
Turn   | Place    | Note
-------+----------+-------------------------------------------
     0 | D:1      | Ethylacetat the Octopode Fire Elementalist began the quest
                  | for the Orb.
     0 | D:1      | Reached XP level 1. HP: 11/11 MP: 3/3
   421 | D:1      | Reached XP level 2. HP: 17/17 MP: 1/5
  1100 | D:2      | Reached XP level 3. HP: 21/21 MP: 3/6
  1129 | D:2      | Found a sparkling altar of Nemelex Xobeh.
  1196 | D:2      | Found a stormy altar of Qazlal.
  1201 | D:2      | Reached skill level 4 in Fire Magic
  1220 | D:2      | Found an opulent altar of Gozag.
  1220 | D:2      | Found a glowing golden altar of the Shining One.
  1221 | D:2      | Found a shattered altar of Ashenzari.
  1223 | D:2      | Found a shadowy altar of Dithmenos.
  1495 | D:2      | Reached XP level 4. HP: 27/27 MP: 3/7
  2105 | D:3      | Reached skill level 1 in Unarmed Combat
  2354 | D:2      | Reached XP level 5. HP: 15/31 MP: 0/8
  3276 | D:3      | Found a shimmering altar of Xom.
  3277 | D:3      | Found a shimmering altar of Xom.
  3277 | D:3      | Found a shimmering altar of Xom.
  3277 | D:3      | Found a shimmering altar of Xom.
  3278 | D:3      | Found a shimmering altar of Xom.
  3287 | D:3      | Found a shimmering altar of Xom.
  3287 | D:3      | Found a shimmering altar of Xom.
  3879 | D:4      | Noticed Dowan
  3886 | D:4      | Noticed Duvessa
  3898 | D:4      | Cast into level 1 of the Abyss (Duvessa)
  3941 | Abyss:1  | Noticed an ancient zyme
  3954 | Abyss:1  | Noticed a sixfirhy
  3964 | Abyss:1  | Noticed a large abomination
  3964 | Abyss:1  | Noticed a small abomination
  3972 | Abyss:1  | Noticed a sixfirhy
  3997 | Abyss:1  | Noticed a wretched star
  4004 | D:4      | Escaped the Abyss
  4004 | D:4      | Killed from afar by Dowan

Illustrated notes

Levels and vault maps discovered:
D:1:      dpeg_arrival_rhombi, layout_basic, serial_forest,
          infiniplex_forest_fountain, infiniplex_forest_join,
          infiniplex_forest_lined_3, infiniplex_forest_zigzag_1,
          infiniplex_forest_lined_2, infiniplex_forest_clump_cross,
          infiniplex_forest_lined_4_way
D:2:      layout_rooms, nicolae_overflow_crystal_walls,
          grunt_temple_overflow_open, serial_rivers,
          chequers_serial_rivers_small_b, chequers_serial_rivers_small_3,
          chequers_serial_rivers_room_b, chequers_serial_rivers_micro_a
D:3:      layout_basic, hangedman_abyss_or_decor_lesser_grid, minivault_19,
          xom_redecorated
D:4:      layout_basic, uniq_duvessa

Skill      XL: |  1  2  3  4 |
---------------+-------------+-----
Fire Magic     | 4 |  4.8
Conjurations   | 2 |  2.6
Unarmed Combat | 1 |  1.0
Dodging        | |  2.0
Stealth        | |  2.6
Spellcasting   | |  2.6

Action                   |  1- 3 |  4- 6 || total
-------------------------+-------+-------++-------
Melee: Unarmed           |    24 |    13 ||    37
       Tentacles         |     6 |     4 ||    10
       Constrict         |     6 |     4 ||    10
 Cast: Foxfire           |    47 |    91 ||   138
 Stab: Sleeping          |     2 |       ||     2
  Eat: Chunk             |     2 |     7 ||     9
Armor: Skin              |     6 |     1 ||     7
Dodge: Dodged            |    18 |    41 ||    59
